 Dungeon Crawl Stone Soup version 0.28.0-62-gf88900778d (webtiles) character file.

Game seed: 3936358054671153163

86 cbfl8 the Skirmisher (level 4, -1/41 HPs)
             Began as a Minotaur Berserker on May 24, 2023.
             Was a Believer of Trog.
             Slain by a wyvern zombie (8 damage)
             ... on level 3 of the Dungeon.
             The game lasted 00:01:32 (2729 turns).

cbfl8 the Skirmisher (Minotaur Berserker)           Turns: 2729, Time: 00:01:32

Health: -1/41      AC:  5    Str: 21    XL:     4   Next: 26%
Magic:  3/3        EV: 16    Int:  4    God:    Trog [**....]
Gold:   93         SH:  0    Dex: 12    Spells: 3/3 levels left

rFire   . . .      SeeInvis .   a - +0 hand axe
rCold   . . .      Faith    .   (no shield)
rNeg    . . .      Spirit   .   b - +0 animal skin
rPois   .          Reflect  .   (helmet restricted)
rElec   .          Harm     .   (no cloak)
rCorr   .          Rampage  .   (no gloves)
Will    .....                   j - +2 pair of boots
Stlth   +.........              (no amulet)
HPRegen 0.13/turn               m - +4 ring of evasion
MPRegen 0.08/turn               (no ring)

@: no status effects
A: horns 2, retaliatory headbutt
a: Renounce Religion, Berserk, Trog's Hand


You were on level 3 of the Dungeon.
You worshipped Trog.
Trog was pleased with you.
You visited 1 branch of the dungeon, and saw 3 of its levels.

You collected 93 gold pieces.

Inventory:

Hand Weapons
 a - a +0 hand axe (weapon)
Armour
 b - a +0 animal skin (worn)
 j - a +2 pair of boots (worn)
Jewellery
 m - a +4 ring of evasion (left hand)
Scrolls
 d - a scroll of immolation {unknown}
 e - a scroll of identify {unknown}
 i - a scroll of teleportation {unknown}
 l - 2 scrolls of fear {unknown}
Potions
 c - 2 potions of curing {unknown}
 f - a potion of flight {unknown}
 g - a potion of invisibility {unknown}
 h - a potion of heal wounds {unknown}
 k - a potion of degeneration {unknown}


   Skills:
 + Level 4.6 Fighting
 + Level 4.5 Axes
 + Level 2.7 Armour
 + Level 2.6 Dodging
 + Level 0.3 Stealth
 * Level 1.1 Evocations


You had 3 spell levels left.
You didn't know any spells.
Your spell library was empty.

Dungeon Overview and Level Annotations

Branches:
Dungeon (3/15)

Altars:
Uskayaw


Innate Abilities, Weirdness & Mutations

You have a pair of horns on your head.
You reflexively headbutt those who attack you in melee.


Message History

Unknown command.
You are too injured to fight recklessly!
Unknown command.
You are too injured to fight recklessly!
You hit the adder.
The adder is moderately wounded.
You hit the wyvern zombie but do no damage.
You feel sick.
The wyvern zombie bites you but does no damage.
The adder misses you.
You hit the adder. Your headbutt misses the adder.
The adder is severely wounded.
You barely miss the wyvern zombie.
You feel sick.
You are no longer poisoned.
The wyvern zombie misses you. The adder bites you.
You closely miss the adder.
The adder is severely wounded.
You barely miss the kobold. The adder bites you but does no damage.
The adder bites you.
* * * LOW HITPOINT WARNING * * *
You are poisoned.
The adder poisons you!
You hit the adder.
You kill the adder!
Trog accepts your kill.
You completely miss the kobold.
You feel sick. The kobold hits you but does no damage.
You hit the kobold. Your headbutt misses the kobold.
The kobold is heavily wounded.
You feel sick. The kobold hits you but does no damage.
You hit the kobold.
You kill the kobold!
Trog accepts your kill.
You feel sick.
You hit the wyvern zombie.
The wyvern zombie is lightly damaged.
You feel sick.
You are no longer poisoned.
The wyvern zombie bites you!
You die...

##.#.. #..#.##
.....
#####...#
.......#
#.....#
#..##Z#######
#...†.@!....#
#<.##.).......
##.#..........
#............
#.#..........
###.#######..
... . ##. #


You could see a wyvern zombie.

Vanquished Creatures
  Jessica (D:2)
  2 adders
  A worm (D:2)
  A dart slug (D:2)
  2 ball pythons (D:1)
  6 bats
  5 endoplasms
  2 giant cockroaches
  3 goblins (D:2)
  5 kobolds
  3 quokkas (D:2)
  A frilled lizard (D:1)
  3 rats (D:2)
35 creatures vanquished.

Vanquished Creatures (others)
  5 plants (D:1)
5 creatures vanquished.

Grand Total: 40 creatures vanquished

Notes
Turn   | Place    | Note
-------+----------+-------------------------------------------
     0 | D:1      | cbfl8 the Minotaur Berserker began the quest for the Orb.
     0 | D:1      | Reached XP level 1. HP: 19/19 MP: 0/0
   484 | D:1      | Reached XP level 2. HP: 27/27 MP: 1/1
  1739 | D:2      | Found a hide-covered altar of Uskayaw.
  1760 | D:2      | Noticed Jessica
  1769 | D:2      | Killed Jessica
  1770 | D:2      | Reached XP level 3. HP: 12/34 MP: 2/2
  1863 | D:2      | Reached skill level 1 in Evocations
  2005 | D:2      | Reached ** piety under Trog
  2353 | D:2      | Reached XP level 4. HP: 33/41 MP: 3/3
  2729 | D:3      | Slain by a wyvern zombie

Illustrated notes

Levels and vault maps discovered:
D:1:      psy_arrival_statuary, layout_loops_ring, serial_forest,
          infiniplex_forest_join, infiniplex_forest_end_2,
          infiniplex_forest_straight_2, infiniplex_forest_end_3,
          infiniplex_forest_clump_curved, infiniplex_forest_zigzag_2,
          infiniplex_forest_end_1, infiniplex_forest_end_1,
          hangedman_decor_slide_cut
D:2:      layout_basic, basic_altar, uniq_jessica
D:3:      layout_basic, basic_ecumenical_altar, minmay_stone_trees_small

Skill      XL: |  1  2  3 |
---------------+----------+-----
Fighting       | 4 |  4.6
Axes           | 4 |  4.5
Evocations     | 1 |  1.1
Armour         | |  2.7
Dodging        | |  2.6
Stealth        | |  0.3

Action                   |  1- 3 |  4- 6 || total
-------------------------+-------+-------++-------
Melee: Hand axe          |   111 |    18 ||   129
       Headbutt          |    30 |       ||    30
Invok: Berserk           |     1 |       ||     1
 Stab: Sleeping          |     2 |       ||     2
Armor: Animal skin       |    15 |     9 ||    24
Dodge: Dodged            |    34 |    14 ||    48
